 Dungeon Crawl Stone Soup version 0.23.2-33-g5129a83184 (webtiles) character file.

Game seed: 11160082350993251893

27 AarnesTheHuman the Ogre Mage (level 3, -6/35 HPs)
             Began as an Ogre Wizard on July 31, 2019.
             Mangled by an ice beast (14 damage)
             ... on level 2 of the Dungeon.
             The game lasted 00:02:45 (720 turns).

AarnesTheHuman the Ogre Mage (Ogre Wizard)           Turns: 720, Time: 00:02:45

Health: -6/35      AC:  3    Str: 11    XL:     3   Next: 10%
Magic:  10/17      EV: 10    Int: 20    God:
Gold:   59         SH:  0    Dex:  7    Spells: 5/10 levels left

rFire    . . .     SeeInvis .   j - +0 dagger
rCold    . . .     Gourm    .   (no shield)
rNeg     . . .     Faith    .   a - +0 robe
rPois    .         Spirit   .   b - +0 hat
rElec    .         Reflect  .   (no cloak)
rCorr    .         Harm     .   (gloves unavailable)
MR       .....                  (boots unavailable)
Stlth    +.........             (no amulet)
HPRegen  0.11/turn              m - ring of magical power
MPRegen  0.15/turn              (no ring)

@: no status effects
A: large, unfitting armour, tough skin 1
a: no special abilities


You were on level 2 of the Dungeon.
You were not hungry.

You visited 1 branch of the dungeon, and saw 2 of its levels.

You collected 59 gold pieces.

Inventory:

Hand Weapons
 j - a +0 dagger (weapon)
Armour
 a - a +0 robe (worn)
 b - a +0 hat (worn)
Jewellery
 m - a ring of magical power (left hand)
 o - an uncursed amulet of the gourmand {unknown}
Scrolls
 c - 3 scrolls of identify {unknown}
 e - a scroll of enchant weapon {unknown}
 g - a scroll of remove curse {unknown}
 i - a scroll of random uselessness {unknown}
 l - 2 scrolls of fear {unknown}
 n - a scroll of amnesia {unknown}
 q - a scroll of blinking {unknown}
 r - a scroll of teleportation {unknown}
Potions
 f - a potion of agility {unknown}
 k - a potion of curing {unknown}
 p - a potion of invisibility {unknown}
Comestibles
 d - 2 rations
 h - 5 chunks of flesh


   Skills:
 + Level 2.0 Fighting
 - Level 1.7 Dodging
 - Level 1.4 Stealth
 + Level 4.0 Spellcasting
 + Level 1.6 Conjurations
 - Level 0.8 Summonings
 - Level 0.8 Translocations


You had 5 spell levels left.
You knew the following spells:

 Your Spells              Type           Power        Failure   Level  Hunger
a - Magic Dart            Conj           ##..         7%          1    None
b - Blink                 Tloc           N/A          14%         2    #......
c - Call Imp              Summ           #.......     14%         2    #......

Your spell library contained the following spells:

 Spells                   Type           Power        Failure   Level  Hunger
 Slow                     Hex            #.......     19%         2    #......
 Conjure Flame            Conj/Fire      #.......     28%         3    ###....
 Mephitic Cloud           Conj/Pois/Air  #.......     30%         3    ###....


Dungeon Overview and Level Annotations

Branches:
Dungeon (2/15)

Altars:
Ru


Innate Abilities, Weirdness & Mutations

You are too large for most types of armour.
You have tough skin. (AC +1)


Message History

The ice beast hits you but does no damage.
Casting: Magic Dart (safe; 7% risk of failure)
Confirm with . or Enter, or press ? or * to list all spells.
Aiming: Magic Dart (safe; 7% risk of failure)
Press: ? - help, Shift-Dir - straight line, f/p - ice beast
Aim: an ice beast (heavily wounded)
The magic dart hits the ice beast but does no damage.
The ice beast is heavily wounded.
The ice beast misses you.
Casting: Magic Dart (safe; 7% risk of failure)
Confirm with . or Enter, or press ? or * to list all spells.
Aiming: Magic Dart (safe; 7% risk of failure)
Press: ? - help, Shift-Dir - straight line, f/p - ice beast
Aim: an ice beast (heavily wounded)
The magic dart hits the ice beast.
The ice beast is severely wounded.
The ice beast hits you.
* * * LOW HITPOINT WARNING * * *
The ice beast freezes you!
You die...

.#...#.## #.# #..#..## #.#
.# .....## #.# .## ######
##.###### ... .....#
#.......# ..$ .....#
#..####.####.#####
.....#####.####......#..≈≈≈
.).......#.##.......#..≈...
.....###.#.##.#.@Y.#...≈._.
.....# #.#.##.##.##.#
.....# #.#.).....##..#
###### #.#......###...#
#.#....#.# #.##..
#......#.# #.# ###
###.#.##.# #.# #.#.##.# #.#
#.... #.#


You could see an ice beast.

Vanquished Creatures
  2 dart slugs (D:1)
  A leopard gecko (D:2)
  2 bats (D:1)
  A giant cockroach (D:1)
  6 goblins (D:1)
  2 hobgoblins
  4 frilled lizards (D:1)
  A kobold (D:1)
  2 rats (D:1)
21 creatures vanquished.

Notes
Turn   | Place    | Note
-------+----------+-------------------------------------------
     0 | D:1      | AarnesTheHuman the Ogre Wizard began the quest for the Orb.
     0 | D:1      | Reached XP level 1. HP: 16/16 MP: 5/5
    25 | D:1      | Reached skill level 1 in Conjurations
    69 | D:1      | Reached skill level 1 in Fighting
    98 | D:1      | Reached XP level 2. HP: 27/27 MP: 0/6
   417 | D:1      | Reached skill level 4 in Spellcasting
   568 | D:1      | Reached XP level 3. HP: 35/35 MP: 6/8
   576 | D:1      | Learned a level 2 spell: Blink
   579 | D:1      | Learned a level 2 spell: Call Imp
   698 | D:2      | Found a sacrificial altar of Ru.
   699 | D:2      | Noticed an ice beast
   720 | D:2      | Mangled by an ice beast

Skill      XL: |  1  2  3 |
---------------+----------+-----
Conjurations   | 1 |  1.6
Fighting       | 1 2 |  2.0
Spellcasting   | 4 |  4.0
Dodging        | |  1.7
Stealth        | |  1.4
Summonings     | |  0.8
Translocations | |  0.8

Action                   || total
-------------------------++-------
Melee: Unarmed           ||     6
       Dagger            ||    24
 Cast: Magic Dart        ||    55
Armor: Robe              ||    12
Dodge: Dodged            ||    33
